 Dungeon Crawl Stone Soup version 0.26-a0-935-g3624241d3c (webtiles) character file.

Game seed: 12850849173856794483

55 DarkMailMan the Ruffian (level 3, -1/28 HPs)
             Began as a Draconian Transmuter on Nov 27, 2020.
             Slain by a gnoll
             ... wielding a +0 flail
              (9 damage)
             ... on level 3 of the Dungeon.
             The game lasted 00:04:10 (2524 turns).

DarkMailMan the Ruffian (Draconian Transmuter)      Turns: 2524, Time: 00:04:11

Health: -1/28      AC:  5    Str: 13    XL:     3   Next: 67%
Magic:  6/6        EV: 12    Int: 13    God:
Gold:   77         SH:  0    Dex: 11    Spells: 5/6 levels left

rFire    . . .     SeeInvis .     - Unarmed
rCold    . . .     Faith    .   (no shield)
rNeg     . . .     Spirit   .   (armour unavailable)
rPois    .         Reflect  .   (helmet restricted)
rElec    .         Harm     .   (no cloak)
rCorr    .         Rampage  .   (no gloves)
MR       .....                  (no boots)
Stlth    +.........             (no amulet)
HPRegen  0.09/turn              (no ring)
MPRegen  0.10/turn              (no ring)

@: hasted, very quick
A: unfitting armour, cold-blooded, AC +5
a: no special abilities


You were on level 3 of the Dungeon.
You visited 1 branch of the dungeon, and saw 3 of its levels.

You collected 77 gold pieces.

Inventory:

Jewellery
 a - a +6 ring of intelligence {unknown}
Scrolls
 b - 2 scrolls of enchant weapon {unknown}
 c - a scroll of teleportation {unknown}
 d - 2 scrolls of amnesia {unknown}
 e - 4 scrolls of identify {unknown}
 f - a scroll of noise {unknown}
 g - a scroll of remove curse {unknown}
 j - a scroll of blinking {unknown}
Potions
 h - a potion of flight {unknown}


   Skills:
 + Level 1.1 Fighting
 + Level 2.3 Dodging
 + Level 0.4 Stealth
 + Level 3.7 Unarmed Combat
 + Level 2.2 Spellcasting
 + Level 2.5 Transmutations


You had 5 spell levels left.
You knew the following spells:

 Your Spells              Type           Power        Failure   Level
a - Beastly Appendage     Tmut           #.....       9%          1

Your spell library contained the following spells:

 Spells                   Type           Power        Failure   Level
 Wereblood                Tmut           #.......     14%         2
 Spider Form              Tmut/Pois      #.........   41%         3
 Ice Form                 Ice/Tmut       #.......     83%         4
 Blade Hands              Tmut           #.........   94%         5


Dungeon Overview and Level Annotations

Branches:
Dungeon (3/15)

Altars:


Innate Abilities, Weirdness & Mutations

Your plain brown scales are hard. (AC +5)
You cannot fit into any form of body armour.
You are cold-blooded and may be slowed by cold attacks.


Message History

You struggle against the net.
A gnoll comes into view. It is wielding a +0 vorpal spear.
You rip the net and break free!
You hit the gnoll.
The gnoll is moderately wounded.
The gnoll hits you with a +0 flail of holy wrath.
You barely miss the gnoll.
The gnoll is moderately wounded.
You barely miss the gnoll. You tail-slap the gnoll.
The gnoll is moderately wounded.
You hit the gnoll but do no damage.
The gnoll is moderately wounded.
The gnoll hits you with a +0 flail!
You hit the gnoll. Your punch misses the gnoll.
The gnoll is heavily wounded.
The gnoll hits you with a +0 flail!
* * * LOW HITPOINT WARNING * * *
It was a potion of haste.
You feel yourself speed up. The gnoll hits you with a +0 flail!
You die...

# #.......##....##......# #
#.....................# ##
#.....................#####
.######.......##....##...........
...........gg#.##..##.#.......##
.##..##.....#g#.#..#(#.#......#
###..##.....##.#....#.##......#
#.(##...g#.##g.....##.#†....###
#..###.g#.#...@......#.#.†.....
#..# #..##............##...####
#..# #.#................#.<#
###..###.....)...............#
.........#.######...#..#####.#
###..###.#.# ......## #.#
#.........# #....... ..#
#....##.### .....# ### #.#. ...


You could see 4 gnolls.

Vanquished Creatures
  A worm (D:3)
  A dart slug (D:1)
  A leopard gecko (D:1)
  7 orcs
  2 giant cockroaches (D:3)
  4 goblins
  8 hobgoblins
  A kobold (D:1)
  A quokka (D:3)
  2 ball pythons (D:3)
  5 bats
  A frilled lizard (D:1)
  6 rats
40 creatures vanquished.

Notes
Turn   | Place    | Note
-------+----------+-------------------------------------------
     0 | D:1      | DarkMailMan the Draconian Transmuter began the quest for
                  | the Orb.
     0 | D:1      | Reached XP level 1. HP: 16/16 MP: 3/3
   278 | D:1      | Reached XP level 2. HP: 18/23 MP: 5/5
  1589 | D:2      | Reached XP level 3. HP: 18/28 MP: 4/6
  2524 | D:3      | Slain by a gnoll

Illustrated notes

Levels and vault maps discovered:
D:1:      minmay_arrival_doors, layout_loops_ring, minmay_bisected
D:2:      layout_basic, uniq_terence
D:3:      layout_loops_ring, minmay_misc_feat_secret_circle

Skill      XL: |  1 |
---------------+----+-----
Dodging        | 2 |  2.3
Fighting       | |  1.1
Stealth        | |  0.4
Unarmed Combat | |  3.7
Spellcasting   | |  2.2
Transmutations | |  2.5

Action                   || total
-------------------------++-------
Melee: Unarmed           ||   145
       Tailslap          ||    11
       Punch             ||     4
       Kick              ||    14
       Headbutt          ||    10
 Cast: Beastly Appendage ||    13
  Use: Potion            ||     1
Armor: Skin              ||    56
Dodge: Dodged            ||   114

Table legend: (Time is in decaauts)
 A = Elapsed time spent in this place.
 B = Non-inter-level travel time spent in this place.
 C = Inter-level travel time spent in this place.
 D = Time resting spent in this place.
 E = Time spent auto-exploring this place.
 F = Levels seen in this place.
 G = Mean time per level.
                   A        B        C        D        E       F      G
               +--------+--------+--------+--------+--------+-----+--------+
         Total |   2518 |   2410 |    108 |    597 |   1402 |   3 |  839.3 |
       Dungeon |   2518 |   2410 |    108 |    597 |   1402 |   3 |  839.3 |
               +--------+--------+--------+--------+--------+-----+--------+

Top non-repeatable levels by time:
     D:1: 1289 daAuts
     D:2: 761 daAuts
     D:3: 467 daAuts
